 Dungeon Crawl Stone Soup version 0.18-a0-241-g014938f (webtiles) character file.

6853 Arkorax the Grappler (level 10, -17/97 (98) HPs)
             Began as a Troll Monk on Nov 25, 2015.
             Was the Champion of Cheibriados.
             Shot with an arrow by an archer statue (29 damage)
             ... on level 10 of the Dungeon.
             The game lasted 00:15:52 (7854 turns).

Arkorax the Grappler (Troll Monk)                   Turns: 7854, Time: 00:15:52

HP:   -17/97 (98)   AC:  8    Str: 36    XL:     10   Next: 78%
MP:   12/12         EV: 12    Int: 24    God:    Cheibriados [******]
Gold: 137           SH:  0    Dex: 27    Spells: 3 memorised, 2 levels left

rFire  . . .     SeeInvis .       - Unarmed
rCold  . . .     Clarity  .     a - +1 robe
rNeg   . . .     SustAt   .     (no shield)
rPois  +         Gourm    +     A - +2 hat
rElec  .         Spirit   .     (no cloak)
rCorr  .         Warding  .     (gloves unavailable)
rMut   .         Stasis   .     (boots unavailable)
MR     .....                    (no amulet)
Stlth  ++........               (no ring)
                                L - ring of poison resistance

@: very slow, not resistant to hostile enchantments, unstealthy
A: unfitting armour, claws 3, fast metabolism 3, gourmand, regeneration 2,
shaggy fur 1, tough skin 2
a: Bend Time, Temporal Distortion, Slouch, Step From Time, Renounce Religion


You were on level 10 of the Dungeon.
You worshipped Cheibriados.
Cheibriados was exalted by your worship.
You were very full.

You visited 2 branches of the dungeon, and saw 11 of its levels.
You also visited: Sewer.

You collected 547 gold pieces.
You spent 410 gold pieces at shops.

Inventory:

Hand Weapons
 F - a +1 giant spiked club
Missiles
 D - 4 large rocks (quivered)
 G - 8 silver javelins
Armour
 a - a +1 robe (worn)
 A - a +2 hat (worn)
Magical Staves
 O - an uncursed staff of energy
Jewellery
 x - an uncursed amulet of stasis
 C - the ring "Uwno" {+/*Tele rF+ MP+9 Dex+4}
   (You found it on level 5 of the Dungeon)

   [ring of teleportation]

   It may teleport you to nearby monsters, and can be evoked to randomly
   teleport.
   It affects your dexterity (+4).
   It protects you from fire.
   It affects your magic capacity (+9).
 L - a ring of poison resistance (left claw)
Wands
 h - a wand of digging (5)
 n - a wand of confusion (10)
 o - a wand of teleportation (4)
 J - a wand of flame (13)
 M - a wand of digging (18)
 Q - a wand of draining (10)
Scrolls
 c - 3 scrolls of fog
 j - 3 scrolls of remove curse
 l - 3 scrolls of magic mapping
 p - a scroll of immolation
 t - 2 scrolls of teleportation
 u - 3 scrolls of identify
 y - 3 scrolls of enchant weapon
 B - a scroll of enchant armour
Potions
 e - 3 potions of might
 g - 9 potions of curing
 i - 3 potions of brilliance
 m - 7 potions of heal wounds
 q - a potion of cure mutation
 r - 4 potions of flight
 s - 3 potions of lignification
 v - 4 potions of agility
 z - a potion of resistance
 K - a potion of ambrosia {unknown}
Books
 N - a book of Air

   Spells                             Type                      Level
   a - Shock                          Conjuration/Air              1
   b - Swiftness                      Charms/Air                   2
   c - Repel Missiles                 Charms/Air                   2
   d - Static Discharge               Conjuration/Air              3
   e - Lightning Bolt                 Conjuration/Air              5
 P - a book of Changes

   Spells                             Type                      Level
   a - Beastly Appendage              Transmutation                1
   b - Sticks to Snakes               Transmutation                2
   c - Spider Form                    Transmutation/Poison         3
   d - Ice Form                       Ice/Transmutation            4
   e - Blade Hands                    Transmutation                5
Comestibles
 b - 11 bread rations
 d - 9 meat rations
 f - 2 slices of pizza
 k - 9 beef jerkies
 H - 6 fruits
 I - a royal jelly


   Skills:
 - Level 6.1 Fighting
 - Level 6.0 Throwing
 - Level 2.4 Dodging
 - Level 1.1 Stealth
 - Level 10.8 Unarmed Combat
 - Level 2.5 Spellcasting
 + Level 5.5 Transmutations
 - Level 1.7 Air Magic


You had 2 spell levels left.
You knew the following spells:

 Your Spells              Type           Power        Failure   Level  Hunger
a - Lightning Bolt        Conj/Air       #.........   100%        5    ######.
b - Repel Missiles        Chrm/Air       #.....       14%         2    ##.....
c - Blade Hands           Trmt           ####......   34%         5    ######.


Dungeon Overview and Level Annotations

Branches:
Dungeon (10/15)            Temple (1/1) D:4
   Lair: D:8-11         Orc: D:9-12

Altars:
Ashenzari
Cheibriados
Elyvilon
Gozag
Kikubaaqudgha
Makhleb
Nemelex Xobeh
Okawaru
Qazlal
Ru
Sif Muna
Trog
Yredelemnul
Zin
The Shining One

Shops:
D:4 (*%!   D:6 [*[(   D:7 =

Annotations:
D:10 exclusion: 2 statues


Innate Abilities, Weirdness & Mutations

You are too large for most types of armour.
You have claws for hands.
Your metabolism is lightning-fast.
You like to eat raw meat.
You heal very quickly.
You are covered in fur (AC +1).
You have very tough skin (AC +2).


Message History

There is an open door here.
You see here an arrow.
The archer statue shoots an arrow.
The arrow is repelled.
You feel less protected from missiles.
You see here an arrow.
The archer statue shoots an arrow.
The arrow hits you!!
The archer statue shoots an arrow.
The arrow barely misses you.
The arrow hits the archer statue!
You see here an arrow.
The archer statue shoots an arrow.
The arrow hits you!
The archer statue shoots an arrow.
The arrow hits you.
The archer statue shoots an arrow.
The arrow hits you!!
You see here 3 arrows.
The archer statue shoots an arrow.
The arrow hits you!
The archer statue shoots an arrow.
The arrow hits you!!
* * * LOW HITPOINT WARNING * * *
You see here 2 arrows.
You see here an arrow.
The archer statue shoots an arrow.
The arrow hits you!!
You die...

....# #...#.....# ....#
#######'### #.### #.### <.#
#...####### ### #.........#
###### ######..#####..#
.....####.......#.8.#..##########
.....##........##PPP##...........
.....'..#......(@(((:#..#########
.....####.....(##PPP##..# .....#
####.#(.#.8%#...# '#####
#....#####...# .# #........)..##
.# #.########### .# #.# ######
#.# ..(..# ###'#####


You could see 2 archer statues.

Vanquished Creatures
  Pikel (D:9)
  Joseph (D:7)
  2 centaur zombies (D:10)
  Sigmund (D:3)
  A hippogriff (D:8)
  4 yaks (D:10)
  Menkaure (D:7)
  The ghost of Potsanchik the Ducker, an amateur SpGl (D:4)
  2 phantoms
  3 orc warriors
  3 black bears
  3 ice beasts
  4 centaurs
  2 big kobolds
  2 necrophages (D:8)
  5 ogres
  4 giant frogs
  5 scorpions
  8 killer bees (D:7)
  A wight (D:9)
  4 crimson imps
  A quasit (D:8)
  4 hounds
  3 jellies
  A giant frog skeleton (D:6)
  Ijyb (D:2)
  4 orc priests
  A centaur skeleton (D:6)
  9 worker ants
  2 iguanas
  Terence (D:3)
  3 orc wizards
  A hound zombie (D:6)
  2 hound skeletons (D:5)
  14 gnolls
  Robin (D:2)
  8 adders
  2 river rats (Sewer)
  A shadow imp (D:8)
  3 worms
  4 giant geckos
  26 orcs
  3 ball pythons
  8 bats
  10 giant cockroaches
  17 hobgoblins
  4 jackals
  2 quokkas (D:8)
  10 giant newts
  26 goblins
  21 kobolds
  5 rats
256 creatures vanquished.

Vanquished Creatures (others)
  A slave (D:9)
  2 giant frogs (D:9)
  2 wights (D:9)
  A crimson imp (D:9)
  A giant frog skeleton (D:9)
  An adder (D:9)
8 creatures vanquished.

Grand Total: 264 creatures vanquished

Notes
Turn   | Place    | Note
--------------------------------------------------------------
     0 | D:1      | Arkorax the Troll Monk began the quest for the Orb.
     0 | D:1      | Reached XP level 1. HP: 22/22 MP: 0/0
   235 | D:1      | Reached XP level 2. HP: 29/29 MP: 1/1
   638 | D:2      | Noticed Ijyb
   647 | D:2      | Killed Ijyb
   647 | D:2      | Reached XP level 3. HP: 34/37 MP: 2/2
   706 | D:2      | Found a glowing silver altar of Zin.
   740 | D:2      | Found a deep blue altar of Sif Muna.
   818 | D:2      | Noticed Robin
   826 | D:2      | Reached XP level 4. HP: 42/45 MP: 3/3
   827 | D:2      | Reached skill level 5 in Unarmed Combat
   832 | D:2      | Killed Robin
  1273 | D:3      | Reached XP level 5. HP: 41/53 MP: 4/4
  1468 | D:3      | Found a glowing drain.
  1476 | Sewer    | Entered a sewer
  1577 | Sewer    | Found a white marble altar of Elyvilon.
  1800 | D:3      | Noticed Sigmund
  1811 | D:3      | Killed Sigmund
  1811 | D:3      | Reached skill level 6 in Unarmed Combat
  1811 | D:3      | Reached XP level 6. HP: 46/63 MP: 5/5
  1846 | D:3      | Noticed Terence
  1855 | D:3      | Killed Terence
  2121 | D:3      | Found an ancient bone altar of Kikubaaqudgha.
  2382 | D:4      | Noticed Potsanchik's ghost (amateur SpGl)
  2392 | D:4      | Killed Potsanchik's ghost
  2392 | D:4      | Reached skill level 5 in Fighting
  2392 | D:4      | Reached XP level 7. HP: 55/72 MP: 6/6
  2417 | D:4      | Reached skill level 7 in Unarmed Combat
  2431 | D:4      | Found a staircase to the Ecumenical Temple.
  2443 | Temple   | Entered the Ecumenical Temple
  2457 | Temple   | Became a worshipper of Cheibriados the Contemplative
  2457 | Temple   | Reached * piety under Cheibriados
  2457 | Temple   | Reached ** piety under Cheibriados
  2614 | D:4      | Found Baofyhud's General Store.
  2709 | D:4      | Found Goluel's Antique Weapon Shoppe.
  2771 | D:4      | Found a glowing golden altar of the Shining One.
  2801 | D:4      | Found Ethraj's Food Shop.
  2994 | D:4      | Found Mypamm's Distillery.
  2999 | D:4      | Bought a potion of agility for 40 gold pieces
  2999 | D:4      | Bought a potion of heal wounds for 50 gold pieces
  2999 | D:4      | Bought a potion of heal wounds for 50 gold pieces
  2999 | D:4      | Bought a potion of curing for 30 gold pieces
  3184 | D:5      | Entered Level 5 of the Dungeon
  3410 | D:5      | Found a basalt altar of Yredelemnul.
  3440 | D:5      | Found a bloodstained altar of Trog.
  3513 | D:5      | Reached XP level 8. HP: 80/83 MP: 7/7
  3536 | D:5      | Reached skill level 8 in Unarmed Combat
  3587 | D:5      | Got a vibrating jade ring
  3623 | D:5      | Found a bloodstained altar of Trog.
  4006 | D:6      | Reached *** piety under Cheibriados
  4015 | D:6      | Reached skill level 1 in Throwing
  4082 | D:6      | Found an iron altar of Okawaru.
  4162 | D:6      | Found Iqeok's Antique Weapon Boutique.
  4269 | D:6      | Found Popsouho's Antique Armour Emporium.
  4365 | D:6      | Reached **** piety under Cheibriados
  4743 | D:6      | Reached skill level 9 in Unarmed Combat
  4795 | D:6      | Identified the ring "Uwno" {+/*Tele rF+ MP+9 Dex+4} (You found it on level 5 of the Dungeon)
  4803 | D:6      | Found Elaom's Antique Armour Boutique.
  4878 | D:6      | Found Kaesosch's Assorted Antiques.
  5006 | D:7      | Noticed Menkaure
  5011 | D:7      | Killed Menkaure
  5127 | D:7      | Reached XP level 9. HP: 89/89 MP: 8/8
  5241 | D:7      | Reached ***** piety under Cheibriados
  5328 | D:7      | Noticed Joseph
  5336 | D:7      | Killed Joseph
  5336 | D:7      | Reached skill level 5 in Throwing
  5336 | D:7      | Reached skill level 10 in Unarmed Combat
  5611 | D:7      | Found Hinn's Jewellery Shop.
  5628 | D:7      | Bought an uncursed ring of poison resistance for 240 gold pieces
  5891 | D:7      | Reached skill level 1 in Spellcasting
  6094 | D:8      | Found a shattered altar of Ashenzari.
  6106 | D:8      | Learned a level 5 spell: Lightning Bolt
  6217 | D:8      | Reached XP level 10. HP: 94/97 MP: 12/12
  6221 | D:8      | Learned a level 2 spell: Repel Missiles
  6313 | D:8      | Reached skill level 1 in Air Magic
  6577 | D:8      | Learned a level 5 spell: Blade Hands
  6822 | D:9      | Noticed Pikel
  6828 | D:9      | Killed Pikel
  7212 | D:10     | Entered Level 10 of the Dungeon
  7385 | D:10     | Reached ****** piety under Cheibriados
  7558 | D:10     | Noticed an archer statue
  7559 | D:10     | Noticed an archer statue
  7572 | D:10     | Reached skill level 5 in Transmutations
  7854 | D:10     | Shot with an arrow by an archer statue

Vault maps used:
D:1:      sevenhm_arrival_forest_fort_small_3, kennysheep_boxes
D:2:      nicolae_overflow_crystal_walls, zin_academy, serial_glass,
          glass_columns_a, glass_columns_a, glass_columns_b, glass_columns_c,
          glass_columns_a, glass_columns_a, first_bread, minmay_newt_pond,
          uniq_robin, uniq_iyjb
D:3:      kiku_gazebo_pond_becter, lightli_sewer_entry_pipes, uniq_terence,
          uniq_sigmund
D:4:      nicolae_tso_carved_into_rock, minmay_temple_entry_purple_smoke,
          serial_shops, kennysheep_little_box, shop, shop,
          nicolae_shop_behind_doors
D:5:      marbit_many_paths, kennysheep_mini, trog_book
D:6:      corexii_shantytown, okawaru_ov_weapons_minmay, serial_shops,
          shop_fountains, kennysheep_mini_moat, nicolae_shop_waterfront, shop
D:7:      grunt_ogre_cave, kennysheep_small_square, uniq_joseph, uniq_menkaure
D:8:      serial_glass, glass_columns_a, glass_columns_a,
          minmay_strange_pillars, item_on_display_a, due_unseen_surprise,
          cheibrodos_ashenzari_chains
D:9:      uniq_pikel
D:10:     minmay_dual_archer_statues
Temple:   circular_temple_12
Sewer:    sewer_kobolds

Action                   |  1- 3 |  4- 6 |  7- 9 | 10-12 || total
-------------------------+-------+-------+-------+-------++-------
Melee: Unarmed           |    88 |   165 |   291 |    75 ||   619
       Staff             |       |       |       |    25 ||    25
 Cast: Repel Missiles    |       |       |       |     1 ||     1
  Use: Scroll            |       |       |     9 |     9 ||    18
 Stab: Sleeping          |       |     1 |    17 |     3 ||    21
       Distracted        |       |       |       |     1 ||     1
  Eat: Chunk             |     6 |    17 |    22 |    10 ||    55
       Bread ration      |     1 |       |       |     1 ||     2
